[Event "Monday 16 April Rapid Engine Tour 12+1 Rounds 9 Starts 1600ST"]
[Site "Infinity Chess"]
[Date "2018.4.16"]
[Round "5"]
[White "MarioDeMonti"]
[Black "CrapCleaner"]
[Result "1/2-1/2 "]
[ECO "C50"]
[WhiteElo "2446"]
[BlackElo "2471"]
[WhiteEngine "stockfish_x64_bmi2_2018_02_18_CTG"]
[BlackEngine "asmFishW_9_bmi2_CTG"]
[EventType "Swiss"]
[WhiteTeam ""]
[BlackTeam ""]
[PlyCount "222"]
[TimeControl "720+1"]

1. e4 e5 2. Nf3 Nc6 3. Bc4 Bc5 4. O-O Nf6 5. d3 d6 6. c3 O-O 7. Nbd2 a5 
8. h3 Be6 9. Bb5 h6 10. Re1 Qb8 11. Nf1 Qa7 12. Ne3 a4 13. Re2 Rfd8 
14. Bxc6 bxc6 15. Nf1 Re8 16. Ng3 Rab8 17. Rc2 Qa6 18. c4 Kh7 19. Be3 Nd7 
20. Qd2 Bxe3 21. fxe3 Rb6 22. Rd1 Qb7 23. Qf2 Rb8 24. Rdd2 Qa6 25. Ne2 Rf8 
26. Nc3 Rbb8 27. Nh4 Ra8 28. Qf1 Qc8 29. Rf2 Qd8 30. Nf3 Qe7 31. g4 Nb6 
32. Qd1 g6 33. Rg2 f6 34. Qc1 Rac8 35. a3 Rg8 36. Kh2 Nd7 37. Qf1 Nb6 
38. Qf2 Rgf8 39. Rc1 Ra8 40. h4 Rg8 41. Qe2 Nd7 42. Rf1 Kh8 43. Rfg1 Qf7 
44. Kh1 Nb6 45. Nd2 Kh7 46. Rf1 Raf8 47. Qf3 Qd7 48. Rfg1 Qe7 49. Rh2 Qd8 
50. Qd1 Qb8 51. Rf2 Qe8 52. Rfg2 d5 53. c5 Nd7 54. Qxa4 Nxc5 55. Qc2 Qe7 
56. Nf3 dxe4 57. Nxe4 Bd5 58. h5 gxh5 59. gxh5 Nxd3 60. Rxg8 Rxg8 61. Rxg8 Kxg8 
62. Qxd3 f5 63. Ng3 Bxf3+ 64. Kg1 e4 65. Qc4+ Kf8 66. Qxc6 Qg5 67. Qc5+ Ke8 
68. Kf2 Qh4 69. Qxc7 Bxh5 70. Kg1 Qg5 71. Kf1 Bg4 72. Qc6+ Kf7 73. Qc4+ Kf8 
74. Kf2 Qd8 75. Qc5+ Kf7 76. Qc4+ Kg7 77. b4 Qd2+ 78. Ne2 Bxe2 79. Qxe2 Qd6 
80. b5 Qh2+ 81. Kf1 Qh1+ 82. Kf2 Qh2+ 83. Ke1 Qg1+ 84. Kd2 Qa1 85. Qc4 Qb2+ 
86. Ke1 Qxa3 87. Qd4+ Kg6 88. b6 Qa5+ 89. Kd1 Qb5 90. Kd2 Qc6 91. Qd8 Qb5 
92. Qg8+ Kf6 93. Qf8+ Ke5 94. Qe7+ Kd5 95. Qd8+ Kc5 96. Qc7+ Qc6 97. Qe5+ Kxb6 
98. Qxf5 h5 99. Qxh5 Kb7 100. Qe5 Qa4 101. Qb2+ Kc6 102. Qc3+ Kb5 103. Ke2 Qc4+ 
104. Kd2 Qxc3+ 105. Kxc3 Kc5 106. Kb3 Kd6 107. Kc4 Ke5 108. Kc3 Kd5 109. Kb4 Ke6 
110. Kc4 Ke5 111. Kb3 Kf6 1/2-1/2

[Event "Monday 16 April Rapid Engine Tour 12+1 Rounds 9 Starts 1600ST"]
[Site "Infinity Chess"]
[Date "2018.4.16"]
[Round "5"]
[White "angriff"]
[Black "star99"]
[Result "1/2-1/2"]
[ECO "B30"]
[WhiteElo "2361"]
[BlackElo "2401"]
[WhiteEngine "DracoREX 3.07 64BIT POPCNT_CTG"]
[BlackEngine "Cryptic Heroes 9.4B"]
[EventType "Swiss"]
[WhiteTeam ""]
[BlackTeam ""]
[PlyCount "178"]
[TimeControl "720+1"]

1. e4 c5 2. Nf3 Nc6 3. Nc3 e5 4. Bc4 Be7 5. d3 d6 6. Nd2 Nf6 7. Nf1 Bg4 
8. f3 Be6 9. Ne3 O-O 10. O-O Nb4 11. Bd2 Rc8 12. Re1 Nd7 13. Ncd5 Bxd5 
14. Nxd5 Nxd5 15. Bxd5 b5 16. a4 b4 17. a5 Bg5 18. g3 Bxd2 19. Qxd2 Rb8 
20. Rf1 Rb5 21. Bc6 Rb8 22. a6 Rb6 23. Bd5 Nb8 24. Bc4 Nc6 25. Rf2 Kh8 
26. Kh1 Rb8 27. Raf1 Ne7 28. Qg5 Qd7 29. f4 exf4 30. gxf4 f6 31. Qg2 f5 
32. Rg1 g6 33. Re1 Ng8 34. e5 Rfe8 35. c3 dxe5 36. fxe5 Ne7 37. Qg5 Nd5 
38. cxb4 Nxb4 39. Rg2 Qg7 40. Qe3 Rbd8 41. e6 Rd4 42. Qh3 Nd5 43. Qf3 Nb6 
44. Qc6 Qe7 45. Bb5 Rb8 46. Rge2 Rd5 47. Re5 Rxe5 48. Rxe5 Rc8 49. Qf3 Kg7 
50. Qg3 h5 51. Qe1 h4 52. Qc3 Kh7 53. Qc1 Kg7 54. Kg2 Rc7 55. Qe3 Nc8 
56. Bc4 Rc6 57. Kf1 Rc7 58. h3 Kf6 59. b3 Kg7 60. Kf2 Kh7 61. Kf3 Kg7 
62. Qf4 Nb6 63. Bb5 Rc8 64. Qc1 Rc7 65. Qe1 Kg8 66. Qg1 Kh7 67. Qe3 Kg7 
68. Kf2 Kh7 69. Qf4 Rc8 70. Qe3 Rc7 71. Kf1 Kg7 72. Qf4 Qf6 73. Kg2 Kh7 
74. Kf2 Qe7 75. Ke1 Qf6 76. Qe3 Nc8 77. Rxc5 Rxc5 78. Qxc5 Qxe6+ 79. Kd2 Nb6 
80. Qc7+ Kh6 81. Qxa7 f4 82. b4 f3 83. Qb8 Qe2+ 84. Kc1 f2 85. Qf8+ Kg5 
86. Qd8+ Kf5 87. Qf8+ Kg5 88. Qd8+ Kf5 89. Qf8+ Kg5 1/2-1/2

[Event "Monday 16 April Rapid Engine Tour 12+1 Rounds 9 Starts 1600ST"]
[Site "Infinity Chess"]
[Date "2018.4.16"]
[Round "5"]
[White "Thinker"]
[Black "KQRBNP"]
[Result "1/2-1/2"]
[ECO "C42"]
[WhiteElo "2435"]
[BlackElo "2411"]
[WhiteEngine "BrainFish_180411_x64_modern_CTG"]
[BlackEngine "Eman 1.70-beta21 64-bit POPCNT"]
[EventType "Swiss"]
[WhiteTeam ""]
[BlackTeam ""]
[PlyCount "125"]
[TimeControl "720+1"]

1. e4 e5 2. Nf3 Nf6 3. Nxe5 d6 4. Nf3 Nxe4 5. d4 d5 6. Bd3 Bd6 7. O-O O-O 
8. c4 Nf6 9. c5 Be7 10. Be3 b6 11. a3 bxc5 12. dxc5 a5 13. Nc3 Bg4 14. h3 d4 
15. Bxd4 Bxf3 16. Qxf3 Qxd4 17. Qxa8 Qxd3 18. Qxa5 Qc4 19. Rac1 c6 20. Rfd1 Qxc5 
21. Qc7 Re8 22. Re1 Qd6 23. Qxd6 Bxd6 24. Rxe8+ Nxe8 25. Ne4 Kf8 26. g3 Ke7 
27. Ng5 Nc7 28. Re1+ Kf6 29. h4 h6 30. Ne4+ Ke7 31. Kg2 Kd7 32. Rd1 Nd5 
33. Nxd6 Kxd6 34. Re1 Nc7 35. Rd1+ Nd5 36. Re1 Nd7 37. Re8 N5b6 38. f4 Na4 
39. b3 Nac5 40. b4 Ne6 41. a4 f5 42. a5 Nf6 43. Rc8 Kd7 44. Rh8 Kc7 45. Kf3 Kb7 
46. Ke2 Ka6 47. Kd3 Kb7 48. Ke2 Nd4+ 49. Kd3 Ne6 50. Kc4 Ne4 51. Rg8 Nd6+ 
52. Kd3 Ka6 53. h5 Kb7 54. Ke3 Ne4 55. Re8 Nc7 56. Re7 Nxg3 57. a6+ Kxa6 
58. Rxc7 Nxh5 59. Rxc6+ Kb5 60. Rc5+ Kxb4 61. Rxf5 g5 62. fxg5 hxg5 63. Rxg5 
1/2-1/2

[Event "Monday 16 April Rapid Engine Tour 12+1 Rounds 9 Starts 1600ST"]
[Site "Infinity Chess"]
[Date "2018.4.16"]
[Round "5"]
[White "hafaba"]
[Black "Mr Aj"]
[Result "1/2-1/2"]
[ECO "B90"]
[WhiteElo "2459"]
[BlackElo "2453"]
[WhiteEngine "Eman 1.70-beta21 64-bit POPCNT_CTG"]
[BlackEngine "Houdini 6_CTG"]
[EventType "Swiss"]
[WhiteTeam ""]
[BlackTeam ""]
[PlyCount "123"]
[TimeControl "720+1"]

1. e4 c5 2. Nf3 d6 3. d4 cxd4 4. Nxd4 Nf6 5. Nc3 a6 6. Be3 e5 7. Nb3 Be7 
8. Be2 Be6 9. Qd3 O-O 10. O-O Nc6 11. a3 Rc8 12. Nd5 Nd7 13. Qd2 h6 14. Rad1 Bg5 
15. Bxg5 Qxg5 16. Qxg5 hxg5 17. h3 g6 18. Rd2 Rfd8 19. Rfd1 Kg7 20. Bg4 f5 
21. Bf3 Kf7 22. Nc3 Nb6 23. Rxd6 Rxd6 24. Rxd6 Nc4 25. Rxe6 Kxe6 26. exf5+ Ke7 
27. fxg6 Nxb2 28. Nd5+ Kf8 29. Bg4 Rb8 30. Nc5 Kg7 31. Bf5 Nd4 32. g4 Rd8 
33. Nc7 Rh8 34. Kg2 Nc4 35. Ne4 Kh6 36. c3 Ne2 37. Ne6 Nf4+ 38. Kg3 Nxg6 
39. N6xg5 Kg7 40. Bxg6 Kxg6 41. h4 Nxa3 42. h5+ Kg7 43. Kh4 Nb5 44. Ne6+ Kf7 
45. N6c5 b6 46. Nxa6 Ra8 47. c4 Nd4 48. Nb4 Ra4 49. Nd5 b5 50. Ndc3 Rb4 
51. cxb5 Kg7 52. Nc5 Nxb5 53. N3e4 Nd4 54. Nd3 Nf3+ 55. Kg3 Rxe4 56. Kxf3 Ra4 
57. Nxe5 Kf6 58. Nd3 Kg5 59. h6 Kxh6 60. Ne5 Ra5 61. Ke4 Ra4+ 62. Kf5 1/2-1/2

[Event "Monday 16 April Rapid Engine Tour 12+1 Rounds 9 Starts 1600ST"]
[Site "Infinity Chess"]
[Date "2018.4.16"]
[Round "5"]
[White "Eman"]
[Black "Seliga"]
[Result "1/2-1/2"]
[ECO "D02"]
[WhiteElo "2464"]
[BlackElo "2472"]
[WhiteEngine "Eman 1.70-beta21 64-bit POPCNT"]
[BlackEngine "SF9 ''A5''_CTG"]
[EventType "Swiss"]
[WhiteTeam ""]
[BlackTeam ""]
[PlyCount "80"]
[TimeControl "720+1"]

1. d4 d5 2. Nf3 Nf6 3. c4 e6 4. Nc3 c6 5. Bg5 h6 6. Bxf6 Qxf6 7. e3 Nd7 
8. Bd3 dxc4 9. Bxc4 g6 10. Qc2 Bg7 11. Ne4 Qe7 12. Bb3 O-O 13. O-O e5 
14. Ng3 Kh8 15. Rad1 Re8 16. dxe5 Nxe5 17. Nxe5 Bxe5 18. f4 Bg7 19. e4 Bg4 
20. Rd3 Rad8 21. e5 g5 22. Rxd8 Rxd8 23. fxg5 Qxg5 24. Rxf7 Bd1 25. Qe4 Bxb3 
26. axb3 Qc1+ 27. Kf2 Qxb2+ 28. Ne2 Qxe5 29. Qxe5 Bxe5 30. Rxb7 Rf8+ 
31. Ke3 Bxh2 32. Rxa7 Re8+ 33. Kd3 Rg8 34. g3 Bxg3 35. Nxg3 Rxg3+ 36. Ke4 c5 
37. Kf5 Rxb3 38. Rc7 c4 39. Kf6 Rb6+ 40. Ke5 c3 1/2-1/2

[Event "Monday 16 April Rapid Engine Tour 12+1 Rounds 9 Starts 1600ST"]
[Site "Infinity Chess"]
[Date "2018.4.16"]
[Round "5"]
[White "RonWeasley"]
[Black "KhalidOmar"]
[Result "1/2-1/2"]
[ECO "D30"]
[WhiteElo "2467"]
[BlackElo "2467"]
[WhiteEngine "BrainFish 090218_CTG"]
[BlackEngine "Eman 1.70-beta21 64-bit BMI2"]
[EventType "Swiss"]
[WhiteTeam ""]
[BlackTeam ""]
[PlyCount "147"]
[TimeControl "720+1"]

1. d4 d5 2. c4 e6 3. Nf3 Nf6 4. Nc3 c6 5. Bg5 h6 6. Bxf6 Qxf6 7. e3 Nd7 
8. Be2 Qd8 9. Qc2 Be7 10. Rc1 a6 11. O-O O-O 12. a3 b6 13. Rfd1 Bb7 14. e4 Re8 
15. e5 dxc4 16. Bxc4 Qb8 17. Qe2 Qa7 18. b4 Rad8 19. Ne4 a5 20. Ra1 Qa8 
21. Bd3 Rf8 22. Qe3 c5 23. bxc5 bxc5 24. dxc5 Rc8 25. Rac1 Bxe4 26. Bxe4 Qa7 
27. c6 Qxe3 28. fxe3 Nc5 29. Bd3 Rxc6 30. Bb5 Rcc8 31. Rc4 Rfd8 32. Rdd4 Rb8 
33. a4 Nb3 34. Rxd8+ Rxd8 35. Kf2 g5 36. Ke2 Bb4 37. g3 Kg7 38. Nd4 Nxd4+ 
39. exd4 Ba3 40. Kd3 Bb2 41. Bc6 h5 42. Ke4 h4 43. g4 Kg6 44. h3 Kg7 45. Bb7 Kg6 
46. Bc6 Rb8 47. Kd3 Rd8 48. Be4+ Kg7 49. Bc6 Kg6 50. Ke3 f6 51. exf6 Kxf6 
52. Ke4 Ba1 53. d5 exd5+ 54. Bxd5 Re8+ 55. Kd3 Re1 56. Rc6+ Ke7 57. Ra6 Rd1+ 
58. Kc4 Rd4+ 59. Kc5 Rxa4 60. Re6+ Kf8 61. Rg6 Ke7 62. Re6+ Kf8 63. Rg6 Bd4+ 
64. Kd6 Bg7 65. Rxg5 Rf4 66. Rh5 a4 67. Rxh4 a3 68. Rh5 Rf2 69. Rf5+ Rxf5 
70. gxf5 a2 71. Bxa2 Ba1 72. Bb3 Kg7 73. Ke7 Kh6 74. Ke6 1/2-1/2

[Event "Monday 16 April Rapid Engine Tour 12+1 Rounds 9 Starts 1600ST"]
[Site "Infinity Chess"]
[Date "2018.4.16"]
[Round "5"]
[White "Marsell"]
[Black "HerzsjeMZ"]
[Result "1/2-1/2"]
[ECO "C55"]
[WhiteElo "2468"]
[BlackElo "2461"]
[WhiteEngine "BrainFish_180408_x64_bmi2"]
[BlackEngine "S_XPrO.020418.64.POPCNT"]
[EventType "Swiss"]
[WhiteTeam ""]
[BlackTeam ""]
[PlyCount "86"]
[TimeControl "720+1"]

1. e4 e5 2. Nf3 Nc6 3. Bc4 Nf6 4. d3 Bc5 5. c3 d6 6. O-O O-O 7. h3 a5 
8. Nbd2 Be6 9. Bb5 h6 10. Re1 Qb8 11. Nf1 Qa7 12. Be3 Bxe3 13. Nxe3 Ne7 
14. a4 Ng6 15. Bc4 Nf4 16. Qc2 Bxc4 17. Nxc4 Qa6 18. b3 Rfe8 19. Kh2 Qc6 
20. Rad1 b6 21. d4 exd4 22. Nxd4 Qc5 23. g3 Ne6 24. e5 dxe5 25. Rxe5 Nxd4 
26. cxd4 Qc6 27. d5 Qc5 28. Rf5 Ne4 29. Rf4 Nd6 30. Qb2 Re4 31. Rxe4 Nxe4 
32. Qd4 Qxd4 33. Rxd4 Nc5 34. d6 Nxb3 35. Rd1 Rc8 36. dxc7 Rxc7 37. Nxb6 Rc6 
38. Rd8+ Kh7 39. Nd7 Rc4 40. Nf8+ Kh8 41. Nd7+ Kh7 42. Nf8+ Kh8 43. Nd7+ Kh7 
1/2-1/2

[Event "Monday 16 April Rapid Engine Tour 12+1 Rounds 9 Starts 1600ST"]
[Site "Infinity Chess"]
[Date "2018.4.16"]
[Round "5"]
[White "SkyPilot"]
[Black "KRAKEN"]
[Result "1/2-1/2 "]
[ECO "C50"]
[WhiteElo "2498"]
[BlackElo "2516"]
[WhiteEngine "stockfish_x64_bmi2_2018_04_07_CTG"]
[BlackEngine "Raubfisch X38b_CTG"]
[EventType "Swiss"]
[WhiteTeam ""]
[BlackTeam ""]
[PlyCount "159"]
[TimeControl "720+1"]

1. e4 e5 2. Nf3 Nc6 3. Bc4 Bc5 4. O-O Nf6 5. d3 d6 6. c3 a6 7. a4 O-O 
8. Nbd2 Ba7 9. Re1 Ng4 10. Re2 Kh8 11. h3 f5 12. Nf1 fxe4 13. dxe4 Rxf3 
14. gxf3 Nf6 15. Ng3 Bxh3 16. Kh2 Qd7 17. Be3 Rf8 18. Qh1 h6 19. Bd3 Be6 
20. Nf5 Bxe3 21. fxe3 Ne7 22. Nxe7 Qxe7 23. Kg1 Nh7 24. Rf1 Qg5+ 25. Kf2 Qd8 
26. Kg1 Qg5+ 27. Kf2 Qd8 28. Kg1 d5 29. Rg2 Ng5 30. Qh5 Bh3 31. Rxg5 Qxg5+ 
32. Qxg5 hxg5 33. Rf2 Be6 34. exd5 Bxd5 35. Rd2 Rf6 36. Bf5 Rxf5 37. Rxd5 Rxf3 
38. Rd7 Rxe3 39. Rxc7 Re1+ 40. Kf2 Re4 41. a5 Rf4+ 42. Kg3 e4 43. Rxb7 Rf5 
44. Re7 Rxa5 45. Rxe4 Kh7 46. b4 Ra3 47. Kg4 a5 48. bxa5 Rxa5 49. Re6 Rc5 
50. Re7 Kh6 51. Re4 g6 52. Rb4 Rxc3 53. Rb2 Rc4+ 54. Kg3 Rc3+ 55. Kg4 Rc4+ 
56. Kg3 Kh5 57. Rh2+ Rh4 58. Ra2 Rh1 59. Re2 Rg1+ 60. Kf2 Rd1 61. Re4 g4 
62. Re7 Rd5 63. Rh7+ Kg5 64. Kg3 Rd1 65. Rh8 Ra1 66. Rh7 Rb1 67. Rh8 Ra1 
68. Rh7 Rb1 69. Ra7 Rb3+ 70. Kf2 Rb2+ 71. Kg3 Rb3+ 72. Kf2 Rh3 73. Rc7 Rh5 
74. Kg2 Rh8 75. Rf7 Rg8 76. Rd7 Rc8 77. Rh7 Rd8 78. Re7 Rb8 79. Ra7 Rb4 80. Kg3 
1/2-1/2

[Event "Monday 16 April Rapid Engine Tour 12+1 Rounds 9 Starts 1600ST"]
[Site "Infinity Chess"]
[Date "2018.4.16"]
[Round "5"]
[White "Longin"]
[Black "Murx"]
[Result "1/2-1/2"]
[ECO "C50"]
[WhiteElo "2456"]
[BlackElo "2515"]
[WhiteEngine "Raubfisch ME262_GTZ17b_CTG"]
[BlackEngine "asmFishW_2018-04-07_popcnt"]
[EventType "Swiss"]
[WhiteTeam ""]
[BlackTeam ""]
[PlyCount "117"]
[TimeControl "720+1"]

1. e4 e5 2. Nf3 Nc6 3. Bc4 Bc5 4. O-O Nf6 5. d3 d6 6. c3 O-O 7. Re1 a5 
8. Bb3 Be6 9. Bg5 h6 10. Bh4 Bxb3 11. axb3 g5 12. Bg3 Re8 13. Nbd2 Qd7 14. h3 b5 
15. Nf1 Rad8 16. Ne3 Bxe3 17. Rxe3 d5 18. exd5 Nxd5 19. Re4 Nf4 20. Bxf4 gxf4 
21. Qe1 Kf8 22. Nxe5 Nxe5 23. Rxe5 Qxd3 24. Rxe8+ Rxe8 25. Qc1 Qd6 26. Rxa5 Re2 
27. Ra1 Kg7 28. b4 Qf6 29. Qd1 Qe5 30. Rb1 Qe4 31. b3 f3 32. g3 h5 33. Rc1 Qf5 
34. Qd4+ f6 35. Qf4 Qxf4 36. gxf4 Rb2 37. c4 Rxb3 38. cxb5 Rxb4 39. Rxc7+ Kg6 
40. Rc6 Rxb5 41. Kh2 h4 42. Rc3 Rb4 43. Rxf3 Rc4 44. Re3 Rxf4 45. Kg2 f5 
46. Rb3 Rc4 47. Rb6+ Kg5 48. Rb3 Rc2 49. Re3 Kf4 50. Rb3 Rc4 51. Rf3+ Ke4 
52. Ra3 f4 53. Ra2 f3+ 54. Kg1 Rc1+ 55. Kh2 Kd4 56. Ra5 Ke4 57. Ra2 Rc4 
58. Kg1 Rc1+ 59. Kh2 1/2-1/2

[Event "Monday 16 April Rapid Engine Tour 12+1 Rounds 9 Starts 1600ST"]
[Site "Infinity Chess"]
[Date "2018.4.16"]
[Round "5"]
[White "Deep_Impact"]
[Black "Katzenmaier"]
[Result "1/2-1/2"]
[ECO "C50"]
[WhiteElo "2404"]
[BlackElo "2509"]
[WhiteEngine "asmFishW_2018-04-07_bmi2"]
[BlackEngine "Raubfisch X36b"]
[EventType "Swiss"]
[WhiteTeam ""]
[BlackTeam ""]
[PlyCount "114"]
[TimeControl "720+1"]

1. e4 e5 2. Nf3 Nc6 3. Bc4 Bc5 4. O-O Nf6 5. d3 d6 6. c3 O-O 7. Nbd2 a5 
8. Re1 h6 9. h3 Ba7 10. Nf1 Be6 11. Bb5 Ne7 12. Ng3 c6 13. Ba4 b5 14. Bc2 a4 
15. d4 Ng6 16. b3 axb3 17. axb3 Qc7 18. Be3 c5 19. Bd3 Rfb8 20. Ra6 c4 
21. bxc4 bxc4 22. Bf1 Bb6 23. Rxb6 Rxb6 24. d5 Bd7 25. Bxb6 Qxb6 26. Qb1 Qc7 
27. Nd2 h5 28. Bxc4 Nf4 29. Ne2 Nxe2+ 30. Rxe2 Qa5 31. Qb3 Qa1+ 32. Nb1 Be8 
33. Kh2 h4 34. f3 Qa5 35. Ra2 Qd8 36. Rxa8 Qxa8 37. Qa3 Qd8 38. Qa7 Nh5 
39. Nd2 g6 40. Bf1 Qg5 41. Qf2 Ba4 42. Ba6 Kg7 43. Nf1 Bd7 44. Qd2 Qd8 
45. Bc4 Qa5 46. Qb2 Qc5 47. Ba6 Kg8 48. Qb8+ Kg7 49. Qb2 Nf4 50. Qd2 Qa7 
51. Bc4 g5 52. Ne3 Qa1 53. Bf1 Qa7 54. Nc4 Bb5 55. Ne3 Bd7 56. Nc4 Bb5 
57. Ne3 Bd7 1/2-1/2

[Event "Monday 16 April Rapid Engine Tour 12+1 Rounds 9 Starts 1600ST"]
[Site "Infinity Chess"]
[Date "2018.4.16"]
[Round "5"]
[White "xeonrocks"]
[Black "ocirema"]
[Result "1/2-1/2 "]
[ECO "C50"]
[WhiteElo "2560"]
[BlackElo "2478"]
[WhiteEngine "Stockfish_x64_bmi2_CTG"]
[BlackEngine "asmFishW_2018-04-11_popcnt_CTG"]
[EventType "Swiss"]
[WhiteTeam ""]
[BlackTeam ""]
[PlyCount "278"]
[TimeControl "720+1"]

1. e4 e5 2. Nf3 Nc6 3. Bc4 Bc5 4. O-O Nf6 5. d3 d6 6. c3 O-O 7. Re1 a5 
8. Nbd2 h6 9. h3 Be6 10. Bb5 Qb8 11. Re2 Qa7 12. Nf1 a4 13. Ng3 Qa5 
14. Bxc6 bxc6 15. Nh4 Rfe8 16. Re1 d5 17. exd5 cxd5 18. Rxe5 Bf8 19. Qc2 c5 
20. Bd2 Nd7 21. Re3 c4 22. d4 Qd8 23. Nf3 Bd6 24. a3 Bxg3 25. fxg3 Nf6 
26. Rf1 Ne4 27. g4 f6 28. Bc1 Bf7 29. Nh4 Qd7 30. Ref3 Rab8 31. Nf5 Bg6 
32. Kh2 Bh7 33. Qd1 Bg6 34. Re3 Rb3 35. h4 Qc7+ 36. Kg1 Rf8 37. Qf3 Re8 
38. h5 Bh7 39. Re2 Qf7 40. Bf4 Qd7 41. Bc1 Qe6 42. Qf4 Qf7 43. Qf3 Rb6 
44. Rfe1 Qe6 45. Qf4 Qf7 46. Qf3 Qc7 47. Qg3 Qd8 48. Qf4 Qd7 49. Nh4 Qf7 
50. Qf3 Rbe6 51. Nf5 Rb6 52. Rd1 Qd7 53. Qf4 Kf8 54. Qf3 Rbe6 55. Rde1 Kg8 
56. Kf1 Kh8 57. Kg1 Kg8 58. Qf4 Qf7 59. Qh2 Qb7 60. Re3 Qd7 61. Kf1 Ra6 
62. Qh3 Kh8 63. Qf3 Qb7 64. Nh4 Qf7 65. Kg1 Rb6 66. Nf5 Rbb8 67. Kh2 Qd7 
68. Qf1 Rb3 69. Kg1 Kg8 70. Qf3 Kh8 71. Qf4 Kg8 72. Ng3 Kh8 73. Nxe4 Bxe4 
74. R1e2 Kg8 75. Re1 Re6 76. Qg3 Re8 77. Qf4 Qf7 78. R3e2 Qb7 79. Qd6 Rb5 
80. Rf2 Rb6 81. Qg3 Rbe6 82. Rfe2 Qd7 83. Kh2 R6e7 84. Re3 Rf7 85. R3e2 Ref8 
86. Bf4 Kh7 87. Kg1 Rg8 88. Qh3 Rgf8 89. Kh2 Rg8 90. Kg1 g5 91. hxg6+ Rxg6 
92. g3 Rfg7 93. Rh2 Kg8 94. Kf2 Rh7 95. Qf1 Qe6 96. Re3 Rxg4 97. Rh5 f5 
98. Re2 Qf6 99. Qh3 Qg7 100. Rh4 Qg6 101. Ke1 Kf7 102. Rh2 Rxh4 103. Qxh4 Ke8 
104. Kd2 h5 105. Kc1 Bd3 106. Qg5 Qxg5 107. Bxg5 Kf7 108. Kd2 Ke6 109. Ke3 Be4 
110. Bf4 Kf6 111. Ke2 Rb7 112. Be5+ Ke6 113. Ke3 Kf7 114. Kf4 Kg6 115. Rf2 Rh7 
116. Rh2 Rb7 117. Ke3 Rb3 118. Kf4 Rb6 119. Rd2 Re6 120. Re2 Rc6 121. Rd2 Re6 
122. Re2 Re8 123. Rf2 Re6 124. Rh2 Re8 125. Bd6 Re6 126. Be5 Rc6 127. Ke3 Rb6 
128. Bf4 Rb7 129. Rf2 Rb3 130. Rh2 Rb5 131. Bd6 Rb7 132. Be5 Bd3 133. Bd6 Kg5 
134. Kf3 Kf6 135. Kf4 Kg6 136. Ke5 Be4 137. Ke6 Rb6 138. Kd7 Kg5 139. Bc5 Ra6 
1/2-1/2

[Event "Monday 16 April Rapid Engine Tour 12+1 Rounds 9 Starts 1600ST"]
[Site "Infinity Chess"]
[Date "2018.4.16"]
[Round "4"]
[White "CrapCleaner"]
[Black "Thinker"]
[Result "1/2-1/2"]
[ECO "C50"]
[WhiteElo "2473"]
[BlackElo "2433"]
[WhiteEngine "asmFishW_9_bmi2_CTG"]
[BlackEngine "BrainFish_180411_x64_modern_CTG"]
[EventType "Swiss"]
[WhiteTeam ""]
[BlackTeam ""]
[PlyCount "124"]
[TimeControl "720+1"]

1. e4 e5 2. Nf3 Nc6 3. Bc4 Bc5 4. O-O Nf6 5. d3 d6 6. c3 O-O 7. Bg5 h6 8. Bh4 a5 
9. a4 Be6 10. Nbd2 Qe7 11. Re1 g5 12. Bg3 Ne8 13. Bxe6 fxe6 14. Nc4 Qf7 
15. Qb3 Rb8 16. Rf1 Ng7 17. Qb5 Qe8 18. Rad1 Nh5 19. d4 exd4 20. Nxd4 Nxd4 
21. cxd4 Nxg3 22. hxg3 Bb4 23. Qxe8 Rfxe8 24. Ne3 b5 25. axb5 Rxb5 26. Rd3 Kf7 
27. b3 e5 28. Nd5 Rb7 29. Nxb4 Rxb4 30. dxe5 Rxe5 31. Rc1 Rc5 32. Rxc5 dxc5 
33. Rd5 Rb5 34. f3 Ke7 35. Kf2 c6 36. Rd3 Rb4 37. Rc3 c4 38. bxc4 Rb2+ 
39. Ke3 Rxg2 40. g4 Ra2 41. Kd4 Kd6 42. c5+ Ke6 43. Rd3 a4 44. Kc4 Ke5 
45. Rd6 Rc2+ 46. Kb4 a3 47. Rxc6 a2 48. Ra6 Kd4 49. Kb3 Rc3+ 50. Kxa2 Rxf3 
51. e5 Kxc5 52. e6 Re3 53. Kb2 Kb5 54. Rd6 Kc5 55. Ra6 Re2+ 56. Kb3 Kd4 
57. Rb6 Re3+ 58. Kc2 Re2+ 59. Kd1 Re5 60. Kd2 Kd5 61. e7 Rxe7 62. Rxh6 Rc7 
1/2-1/2

[Event "Monday 16 April Rapid Engine Tour 12+1 Rounds 9 Starts 1600ST"]
[Site "Infinity Chess"]
[Date "2018.4.16"]
[Round "4"]
[White "Mr Aj"]
[Black "star99"]
[Result "1/2-1/2"]
[ECO "A05"]
[WhiteElo "2455"]
[BlackElo "2399"]
[WhiteEngine "Houdini 6_CTG"]
[BlackEngine "Cryptic Heroes 9.4B"]
[EventType "Swiss"]
[WhiteTeam ""]
[BlackTeam ""]
[PlyCount "118"]
[TimeControl "720+1"]

1. Nf3 Nf6 2. e3 e6 3. Be2 b6 4. c4 d5 5. O-O Bd6 6. d4 Bb7 7. Nc3 Nbd7 
8. b3 O-O 9. a4 c5 10. cxd5 Nxd5 11. Nxd5 Bxd5 12. Bb2 Rc8 13. Ba6 Rc7 
14. Rc1 Be7 15. Bc4 Bb7 16. Qe2 Qa8 17. dxc5 Nxc5 18. Nd4 Rcc8 19. b4 Ne4 
20. Rfd1 Kh8 21. f3 Nf6 22. b5 Nd5 23. g3 Bg5 24. Bxd5 Bxd5 25. Rxc8 Rxc8 
26. e4 Bc4 27. Qe1 a6 28. Ra1 Bf6 29. Qb4 Rc5 30. Nc6 Bxb2 31. Qxb2 h6 
32. Qd4 axb5 33. axb5 Qg8 34. Qd8 Qxd8 35. Nxd8 f5 36. Rc1 Bxb5 37. Rxc5 bxc5 
38. Nxe6 fxe4 39. fxe4 c4 40. Kf2 c3 41. Nd4 Kg8 42. Ke3 Ba6 43. Nc2 Kf7 
44. Kd4 Bb7 45. Ne3 Kf6 46. h3 h5 47. e5+ Ke6 48. h4 Bc6 49. Kxc3 Kxe5 
50. Nc4+ Ke4 51. Nd6+ Ke5 52. Nc4+ Kf6 53. Kd4 g6 54. Nd2 Kf5 55. Nc4 g5 
56. hxg5 Kxg5 57. Ne3 Bb7 58. Ke5 Bf3 59. Kd6 Be2 1/2-1/2

[Event "Monday 16 April Rapid Engine Tour 12+1 Rounds 9 Starts 1600ST"]
[Site "Infinity Chess"]
[Date "2018.4.16"]
[Round "4"]
[White "Seliga"]
[Black "MarioDeMonti"]
[Result "1-0"]
[ECO "A53"]
[WhiteElo "2456"]
[BlackElo "2462"]
[WhiteEngine "SF9 ''A5''_CTG"]
[BlackEngine "stockfish_x64_bmi2_2018_02_18_CTG"]
[EventType "Swiss"]
[WhiteTeam ""]
[BlackTeam ""]
[PlyCount "100"]
[TimeControl "720+1"]

1. d4 Nf6 2. c4 d6 3. Nc3 g6 4. Nf3 Bg7 5. g3 c6 6. Bg2 Nbd7 7. e4 e5 8. O-O O-O 
9. b3 Re8 10. Be3 Ng4 11. Bg5 f6 12. Bc1 exd4 13. Nxd4 Nge5 14. Be3 Nc5 
15. h3 Nf7 16. g4 a5 17. Qc2 Bd7 18. Rad1 Qb6 19. a3 Bc8 20. f4 Bd7 21. Rfe1 Kh8 
22. Kh1 Kg8 23. f5 Bc8 24. Ndb5 cxb5 25. b4 axb4 26. axb4 bxc4 27. Nd5 Qb5 
28. bxc5 Qb3 29. Qxb3 cxb3 30. Nc7 Bd7 31. Nxa8 Rxa8 32. cxd6 Bf8 33. Bd4 Kg7 
34. fxg6 Kxg6 35. g5 Bxd6 36. Bxf6 Bg3 37. Rxd7 Bxe1 38. e5 Nxg5 39. Rg7+ Kh6 
40. Rxg5 Bh4 41. Rg4 Bxf6 42. exf6 Rf8 43. Rb4 Rxf6 44. Rxb7 Kg5 45. Kh2 Kf5 
46. Rb5+ Kf4 47. Rxb3 Kf5 48. Rb7 h6 49. Rb4 Ke5 50. h4 Rd6 1-0

[Event "Monday 16 April Rapid Engine Tour 12+1 Rounds 9 Starts 1600ST"]
[Site "Infinity Chess"]
[Date "2018.4.16"]
[Round "4"]
[White "Deep_Impact"]
[Black "angriff"]
[Result "1-0"]
[ECO "C53"]
[WhiteElo "2389"]
[BlackElo "2376"]
[WhiteEngine "asmFishW_2018-04-07_bmi2"]
[BlackEngine "DracoREX 3.07 64BIT POPCNT_CTG"]
[EventType "Swiss"]
[WhiteTeam ""]
[BlackTeam ""]
[PlyCount "239"]
[TimeControl "720+1"]

1. e4 e5 2. Nf3 Nc6 3. Bc4 Bc5 4. c3 Nf6 5. d3 d6 6. O-O O-O 7. h3 a5 8. Nbd2 h6 
9. Re1 Be6 10. Bb5 Qb8 11. Nf1 Qa7 12. Be3 Bxe3 13. Nxe3 Ne7 14. a4 Ng6 
15. Bc4 Bxc4 16. Nxc4 Qa6 17. g3 Rfe8 18. Ne3 Nf8 19. Qc2 b6 20. b4 b5 
21. Nf5 Ne6 22. Reb1 axb4 23. Rxb4 Nc5 24. a5 Qc6 25. Kg2 d5 26. exd5 Nxd5 
27. Rg4 Ne6 28. Nxh6+ Kf8 29. Nf5 g6 30. N5h4 Nf6 31. Rb4 Nd5 32. Re4 Qxc3 
33. Qxc3 Nxc3 34. Rxe5 f6 35. Re3 Kf7 36. Nd2 c5 37. Nb3 Nd5 38. Re4 Ndc7 
39. Nf3 Rad8 40. Ne1 Na6 41. h4 Rd5 42. Kf1 Rdd8 43. Rc1 Rd6 44. Re2 Red8 
45. Rb2 Rb8 46. Re2 Rbd8 47. Re3 Rd5 48. Rb1 Nac7 49. Ra1 Ra8 50. Rc1 Na6 
51. Ng2 Nb4 52. Rxe6 Nxd3 53. Ree1 Nxe1 54. Rxe1 c4 55. Ne3 Rd6 56. Nc5 Rc6 
57. Ne4 Rxa5 58. Nc2 Kf8 59. Nc3 Rd6 60. Nb4 Rd2 61. Re6 Rb2 62. Ncd5 Ra7 
63. Kg2 Kg7 64. Rc6 f5 65. Rc8 Rd7 66. Kf3 Kh6 67. Nf6 Ra7 68. Nbd5 Kg7 
69. h5 gxh5 70. Nxh5+ Kf7 71. Nhf4 Rba2 72. Rc5 Rb2 73. Kg2 Rd7 74. Ne3 Rb7 
75. Nxf5 Rd2 76. Nh3 Rdd7 77. Ng5+ Kg6 78. f4 c3 79. Nh4+ Kg7 80. Kf3 Rb8 
81. Nf5+ Kh8 82. Rxc3 b4 83. Rb3 Kg8 84. g4 Ra7 85. Ke4 Re8+ 86. Kd5 Rd8+ 
87. Ke5 Ra5+ 88. Ke4 Re8+ 89. Kd4 Ra1 90. Rxb4 Rd1+ 91. Kc3 Rc8+ 92. Kb2 Rd2+ 
93. Ka3 Ra8+ 94. Kb3 Rd1 95. Kb2 Rd7 96. Rb6 Rda7 97. Kc3 Ra4 98. Rg6+ Kf8 
99. Rg7 R8a6 100. Rf7+ Ke8 101. Ng7+ Kd8 102. N7e6+ Kc8 103. Rf8+ Kd7 
104. Nc5+ Kd6 105. Nxa6 Ra3+ 106. Kc4 Ra4+ 107. Nb4 Ra1 108. Rd8+ Ke7 
109. Nc6+ Kf6 110. Rf8+ Kg7 111. Rf7+ Kh8 112. Rh7+ Kg8 113. Ne7+ Kf8 
114. Nf5 Rc1+ 115. Kb3 Rb1+ 116. Kc2 Rb2+ 117. Kxb2 Ke8 118. Rb7 Kd8 
119. Ne6+ Ke8 120. Nd6# 1-0